 Dungeon Crawl Stone Soup version 0.32-a0-918-g0f22ef8d61 (webtiles) character file.

Game seed: 688031228302619380

175 porpoise the Poker (level 5, -4/41 HPs)
             Began as a Demonspawn Gladiator on Apr 11, 2024.
             Killed from afar by an orc wizard (8 damage)
             ... with a magic dart
             ... on level 3 of the Dungeon.
             The game lasted 00:05:19 (2123 turns).

porpoise the Poker (Demonspawn Gladiator)           Turns: 2123, Time: 00:05:19

Health: -4/41      AC:  6    Str: 17    XL:     5   Next: 29%
Magic:  5/5        EV: 10    Int:  8    God:
Gold:   224        SH:  0    Dex: 14    Spells: 4/4 levels left

rFire   . . .        a - +0 trident
rCold   . . .        (no shield)
rNeg    . . .        k - +0 ring mail
rPois   .            c - +0 helmet
rElec   .            (no cloak)
rCorr   .            (no gloves)
SInv    .            (no boots)
Will    .....        (no amulet)
Stlth   +            (no ring)
HPRegen 0.26/turn    (no ring)
MPRegen 0.09/turn

%: no passive effects
@: no status effects
A: hooves 1, powered by pain 2
a: no special abilities


You were on level 3 of the Dungeon.
You visited 1 branch of the dungeon, and saw 4 of its levels.

You collected 224 gold pieces.

Inventory:

Hand Weapons
 a - a +0 trident (weapon)
 b - a +2 sling of electrocution
 s - a +1 mace of venom
Missiles
 d - 3 throwing nets (quivered)
 e - a javelin
 n - 4 poisoned darts
Armour
 c - a +0 helmet (worn)
 k - a +0 ring mail (worn)
Scrolls
 f - 4 scrolls of identify {unknown}
 g - a scroll of teleportation {unknown}
 i - a scroll of blinking {unknown}
 j - 2 scrolls of noise {unknown}
 q - a scroll of amnesia {unknown}
 t - a scroll of vulnerability {unknown}
 u - a scroll of fear {unknown}
Potions
 h - a potion of attraction {unknown}
 l - 2 potions of brilliance {unknown}
 m - a potion of degeneration {unknown}
 o - a potion of might {unknown}
 p - 2 potions of mutation {unknown}
 r - a potion of enlightenment {unknown}


   Skills:
 + Level 3.5 Fighting
 * Level 4.7 Polearms
 - Level 1.7 Throwing
 - Level 2.7 Dodging


You had 4 spell levels left.
You didn't know any spells.
Your spell library contained the following spells:

 Spells                   Type           Power      Damage    Failure   Level
 Sting                    Conj/Alch      0%         1d3       63%         1
 Mercury Vapours          Alch/Air       0%         N/A       77%         2
 Anguish                  Hex/Necr       0%         N/A       100%        4
 Cause Fear               Hex            0%         N/A       100%        4
 Olgreb's Toxic Radiance  Alch           0%         N/A       100%        4
 Enfeeble                 Hex            0%         N/A       100%        7


Dungeon Overview and Level Annotations

Branches:
Dungeon (4/15)
 Temple: D:4-7

Altars:
Nemelex Xobeh
Ru

Annotations:
D:3 Natasha


Innate Abilities, Weirdness & Mutations

You have large cloven feet.
You sometimes gain power by taking damage.


Message History

Pain shoots through your body! Something hits you but does no damage.
The cerulean imp hits you but does no damage.
Natasha misses you.
The cerulean imp hits you from afar with a +0 spear.
The orc priest shouts, "Beogh offers mercy even to people such as you.
Join us and be reborn!" (press Y on the ability menu to convert to Beogh)
You hit the orc priest. You kick the orc priest.
The orc priest is almost dead.
Something hits you. The orc priest hits you with a +0 club.
The cerulean imp barely misses you. Natasha closely misses you.
The cerulean imp hits you but does no damage.
The orc priest shouts, "Surrender to Beogh and we'll let you live!"
The orc priest mumbles some strange prayers to Beogh against you.
The cerulean imp attacks as it pursues you!
The cerulean imp hits you from afar with a +0 spear.
Natasha attacks as she pursues you! Natasha claws you but does no damage.
The cerulean imp attacks as it pursues you!
The cerulean imp hits you but does no damage.
There is a stone staircase leading up here.
The cerulean imp hits you but does no damage.
Natasha claws you. Something hits you.
* * * LOW HITPOINT WARNING * * *
The cerulean imp hits you but does no damage.
You climb upwards.
The cerulean imp disappears in a puff of smoke! x2
Reactivating autopickup.
There is a stone staircase leading down here.
You closely miss Natasha. Natasha claws you.
* * * LOW HITPOINT WARNING * * *
Something hits you but does no damage.
Deactivating autopickup; reactivate with Ctrl-A.
You closely miss Natasha. You kick Natasha, but do no damage.
Natasha claws you!
* * * LOW HITPOINT WARNING * * *
Something hits you but does no damage.
You miss Natasha. Your kick misses Natasha. Natasha barely misses you.
You hear some strange, mumbled words.
A magic dart appears from out of thin air!
The magic dart hits you!
You die...

##### #...# ####.#.#
##....#.# ##....##.#
##...#.##.#
#....#.##.###
#...h#....#>#
##.{@..#####.# #......#
#.# ###.###..# #.##
#........## #..#######
#######...####......<..
####.............###
#................#
#....#...........#
#..###...........#


You could see Natasha.

Vanquished Creatures
  A hound (D:3)
  3 gnolls (D:3)
  3 adders
  A shadow imp (D:3)
  A dart slug (D:3)
  4 ribbon worms
  2 orcs (D:4)
  4 ball pythons
  6 bats
  10 endoplasms
  7 goblins
  4 hobgoblins
  2 quokkas
  2 frilled lizards
  4 kobolds
  11 rats
65 creatures vanquished.

Notes
Turn   | Place    | Note
-------+----------+-------------------------------------------
     0 | D:1      | porpoise the Demonspawn Gladiator began the quest for the
                  | Orb.
     0 | D:1      | Reached XP level 1. HP: 16/16 MP: 1/1
   100 | D:1      | Found a faded altar of an unknown god.
   171 | D:1      | Reached skill level 3 in Polearms
   189 | D:1      | Gained mutation: You have large cloven feet. [demonic
                  | ancestry]
   189 | D:1      | Reached XP level 2. HP: 22/22 MP: 2/2
   757 | D:2      | Gained mutation: You sometimes gain a little power by
                  | taking damage. [demonic ancestry]
   757 | D:2      | Reached XP level 3. HP: 28/28 MP: 3/3
  1267 | D:2      | Found a sacrificial altar of Ru.
  1381 | D:3      | Gained mutation: You sometimes gain power by taking damage.
                  | [demonic ancestry]
  1381 | D:3      | Reached XP level 4. HP: 24/35 MP: 4/4
  1407 | D:3      | Reached skill level 4 in Polearms
  1615 | D:3      | Found a sparkling altar of Nemelex Xobeh.
  1619 | D:3      | Reached XP level 5. HP: 41/41 MP: 5/5
  2106 | D:4      | Noticed Natasha
  2123 | D:3      | Killed from afar by an orc wizard

Illustrated notes

Levels and vault maps discovered:
D:1:      dpeg_arrival_subterranean_lakeside_camping, layout_basic,
          ebering_ecumenical_altar_box
D:2:      layout_loops_ring, basic_altar
D:3:      layout_basic, nemelex_diamond_rough_becter, minmay_starry_boxes
D:4:      layout_gridville, mainiacjoe_overflow_tiny_flanked, serial_shops,
          shop, uniq_menkaure, uniq_natasha

Skill      XL: |  1  2  3  4 |
---------------+-------------+-----
Polearms       | 3 4 |  4.7
Fighting       | 3 |  3.5
Throwing       | |  1.7
Dodging        | |  2.7

Action                     |  1- 3 |  4- 6 || total
---------------------------+-------+-------++-------
  Melee: Trident           |    87 |    79 ||   166
         Kick              |     9 |    12 ||    21
   Fire: Sling             |    17 |       ||    17
   Stab: Sleeping          |     1 |       ||     1
 Armour: Leather armour    |     3 |       ||     3
         Ring mail         |    44 |    53 ||    97
  Dodge: Dodged            |    42 |    36 ||    78

Table legend: (Time is in decaauts)
 A = Elapsed time spent in this place.
 B = Non-inter-level travel time spent in this place.
 C = Inter-level travel time spent in this place.
 D = Time resting spent in this place.
 E = Time spent auto-exploring this place.
 F = Levels seen in this place.
 G = Mean time per level.
                   A        B        C        D        E       F      G
               +--------+--------+--------+--------+--------+-----+--------+
         Total |   2151 |   2114 |     37 |    154 |   1550 |   4 |  537.8 |
       Dungeon |   2151 |   2114 |     37 |    154 |   1550 |   4 |  537.8 |
               +--------+--------+--------+--------+--------+-----+--------+

Top non-repeatable levels by time:
     D:1: 744 daAuts
     D:3: 742 daAuts
     D:2: 645 daAuts
     D:4: 18 daAuts
